Description

Standard build PvP blink stalker pressure into 3th nexus and disruptor transition

Replay - Has v MaNa: Game 5 - Apotheosis LE

Build Order

Get SALT Encoding   

  12  0:00  Probe (Chrono Boost)  
  13  0:11  Probe (Chrono Boost)  
  14  0:17  Pylon  
  14  0:22  Probe (Chrono Boost)  
  16  0:36  Probe (Chrono Boost)  
  16  0:38  Gateway  
  16  0:42  Assimilator  
  16  0:46  Probe (Chrono Boost)  
  17  0:57  Probe (Chrono Boost)  
  18  0:58  Assimilator  
  18  1:05  Gateway  
  18  1:08  Probe (Chrono Boost)  
  20  1:18  Probe (Chrono Boost)  
  20  1:25  Cybernetics Core  
  20  1:29  Probe (Chrono Boost)  
  20  1:31  Pylon  
  21  1:39  Probe (Chrono Boost)  
  22  1:50  Probe (Chrono Boost)  
  23  1:55  Warp Gate  
  23  2:02  Adept x2, Mothership Core (Chrono Boost)  
  29  2:12  Pylon  
  29  2:32  Stalker x2  
  33  2:56  Nexus  
  33  3:06  Sentry x2  
  37  3:24  Probe (Chrono Boost)  
  38  3:30  Robotics Facility  
  38  3:38  Pylon  
  38  3:47  Probe (Chrono Boost)  
  39  3:54  Stalker  
  39  3:59  Probe (Chrono Boost)  
  39  4:00  Twilight Council  
  38  4:04  Adept  
  39  4:10  Probe (Chrono Boost)  
  39  4:13  Probe (Chrono Boost)  
  41  4:19  Observer  
  41  4:21  Probe (Chrono Boost), Blink  
  41  4:23  Probe (Chrono Boost)  
  45  4:32  Probe (Chrono Boost)  
  45  4:34  Probe (Chrono Boost)  
  46  4:44  Probe x2 (Chrono Boost)  
  48  4:45  Pylon  
  48  4:50  Stalker  
  50  4:55  Probe (Chrono Boost)  
  50  4:56  Probe (Chrono Boost)  
  50  4:58  Stalker  
  54  5:06  Probe (Chrono Boost)  
  56  5:08  Probe (Chrono Boost), Pylon  
  54  5:18  Probe (Chrono Boost)  
  54  5:20  Probe (Chrono Boost)  
  55  5:29  Probe (Chrono Boost), Gateway  
  55  5:31  Warp Prism  
  55  5:33  Gateway  
  55  5:34  Sentry  
  55  5:35  Sentry  
  62  5:38  Probe (Chrono Boost)  
  63  5:43  Gateway  
  62  5:50  Gateway  
  62  5:55  Probe (Chrono Boost)  
  62  5:56  Probe (Chrono Boost)  
  64  5:59  Pylon  
  64  6:02  Stalker  
  64  6:03  Stalker  
  68  6:26  Probe (Chrono Boost)  
  68  6:27  Probe (Chrono Boost)  
  68  6:29  Assimilator  
  68  6:31  Stalker x4  
  77  6:38  Pylon x2  
  77  7:12  Stalker x5  
  71  7:17  Stalker  
  71  7:18  Stalker x2  
  71  7:19  Stalker x3  
  81  7:32  Probe (Chrono Boost)  
  81  7:33  Probe (Chrono Boost)  
  81  7:40  Nexus  
  75  7:48  Stalker x4  
  75  7:49  Stalker x2  
  85  8:00  Pylon  
Spawning Tool Build Advisor. Get it on Overwolf

Analysis

Push as soon as you have the prism, and then, transition to disruptor in 3 bases

Go to:

Details

  • Created by: Zeruell
  • Published on: Sep 15, 2016
  • Modified on: Sep 15, 2016
  • Patch: Pre-3.8.0
Show
View Real Time Build Order
Export as new Build Order

Comments (0)

There are no comments. Be the first!

Create an account to comment!